Map: Cyber Forest LE

Players

DnS - Winner!

  • Race: Protoss Protoss
  • Spawn Location: 5:00

SunSet

  • Race: Zerg Zerg
  • Spawn Location: 11:00

Event: 2019 WCS Summer

VOD

Have the link to the VOD?

Description

Time

  • Played on: July 12, 2019, 6:12 a.m.
  • Length: 9:05

All games in this series

Show
View Real Time Build Order
Export as new Build Order

DnS Protoss - Winner!

Build Orders: 1 Gate Expand, Oracle Opening, Zealot Archon 

Get SALT Encoding   

  12  0:00  Probe  
  13  0:13  Probe  
  14  0:19  Pylon  
  14  0:25  Probe  
  15  0:34  Probe  
  15  0:41  Gateway  
  15  0:42  Probe  
  16  0:47  Assimilator  
  17  0:52  Probe  
  19  1:04  Probe  
  19  1:16  Probe  
  20  1:24  Nexus  
  20  1:35  Cybernetics Core  
  20  1:40  Zealot  
  22  1:47  Pylon  
  22  1:50  Probe  
  23  1:56  Assimilator  
  23  2:01  Adept  
  23  2:05  Probe  
  26  2:19  Probe  
  27  2:27  Stargate  
  27  2:31  Probe  
  27  2:35  Probe  
  28  2:39  Probe  
  28  2:41  Adept  
  28  2:42  Warp Gate  
  32  2:45  Probe  
  32  2:47  Probe  
  33  2:54  Probe  
  33  2:58  Probe  
  35  3:02  Void Ray  
  36  3:06  Probe  
  36  3:10  Probe  
  42  3:18  Probe  
  43  3:23  Gateway  
  43  3:30  Stalker, Pylon  
  45  3:35  Shield Battery  
  45  3:41  Oracle  
  45  3:43  Gateway  
  48  4:11  Oracle  
  48  4:16  Pylon  
  48  4:20  Pylon  
  51  4:31  Stalker  
  51  4:35  Pylon  
  51  4:36  Stalker, Shield Battery  
  51  4:38  Stalker  
  57  4:45  Shield Battery  
  57  4:46  Shield Battery  
  57  4:57  Probe x2  
  57  4:59  Assimilator  
  59  5:07  Stalker x2  
  59  5:08  Probe  
  59  5:09  Probe  
  59  5:13  Assimilator  
  65  5:16  Probe  
  65  5:18  Robotics Facility  
  66  5:21  Probe  
  67  5:29  Probe  
  67  5:33  Probe  
  69  5:39  Zealot x3  
  69  5:41  Probe  
  76  5:45  Probe  
  76  5:48  Twilight Council, Pylon  
  77  5:50  Forge  
  77  6:01  Observer  
  77  6:06  Probe x2  
  80  6:11  Pylon  
  80  6:13  Pylon  
  80  6:22  Gateway  
  80  6:23  Gateway  
  80  6:24  Charge  
  80  6:26  Gateway, Protoss Ground Weapons Level 1  
  80  6:27  Gateway  
  80  6:31  Warp Prism  
  80  6:40  Templar Archives  
  80  6:41  Gateway  
  80  6:44  Zealot x2  
  86  6:53  Zealot  
  88  7:02  Pylon  
  88  7:20  High Templar  
  88  7:21  High Templar x3  
  88  7:22  Zealot x3  
  102  7:26  Archon x2  
  102  7:38  Pylon  
  102  7:45  Probe x2  
  102  7:46  Nexus  
  102  7:51  Pylon  
  104  8:07  Zealot, High Templar x2  
  104  8:08  Zealot x4  
  104  8:10  Probe x2  
  104  8:11  Archon  
  104  8:12  Pylon  
  120  8:13  Pylon  
  120  8:22  Probe  
  120  8:24  Probe  
  122  8:33  Zealot x5  
  122  8:34  Zealot, Probe  
  135  8:36  Probe  
  136  8:43  Zealot x2  
  136  8:46  Probe  
Show
View Real Time Build Order
Export as new Build Order

SunSet Zerg 

Build Orders: Pool First, Swarm Host 

Get SALT Encoding   

  12  0:01  Drone  
  13  0:13  Overlord  
  13  0:17  Drone  
  14  0:31  Drone x2  
  16  0:41  Spawning Pool  
  15  0:44  Drone  
  15  0:49  Drone  
  17  1:11  Hatchery  
  16  1:13  Drone  
  16  1:16  Extractor  
  16  1:28  Zergling x4  
  16  1:30  Drone  
  19  1:35  Queen  
  21  1:41  Overlord  
  21  1:51  Drone  
  22  2:02  Drone  
  23  2:10  Extractor  
  22  2:15  Drone  
  22  2:21  Lair  
  24  2:22  Drone  
  24  2:23  Drone  
  24  2:26  Queen  
  27  2:33  Drone  
  27  2:34  Drone  
  28  2:42  Zergling x4  
  28  2:43  Drone  
  30  2:46  Zergling x2  
  31  2:52  Metabolic Boost  
  31  2:57  Zergling x2  
  32  2:59  Drone  
  33  3:10  Zergling x4  
  35  3:18  Nydus Network  
  33  3:20  Zergling x4  
  35  3:28  Overlord  
  35  3:42  Overlord  
  35  3:47  Zergling x2  
  35  3:48  Zergling x8  
  40  3:55  Nydus Canal  
  40  3:57  Zergling x2  
  40  3:58  Zergling x2, Overseer  
  42  4:04  Overlord  
  42  4:06  Zergling x2  
  43  4:12  Nydus Canal  
  43  4:22  Queen  
  43  4:23  Queen  
  46  4:34  Overlord  
  46  4:38  Overlord  
  46  4:44  Overlord  
  47  4:52  Drone  
  47  4:53  Drone x3  
  47  4:55  Drone  
  47  4:58  Drone  
  52  5:06  Drone  
  53  5:12  Drone  
  54  5:18  Spore Crawler  
  53  5:22  Overlord  
  53  5:27  Drone  
  50  5:30  Drone, Hatchery  
  50  5:34  Drone x2  
  52  5:36  Drone  
  52  5:39  Drone  
  54  5:43  Drone  
  54  5:44  Drone  
  54  5:46  Drone  
  57  5:51  Drone  
  58  5:57  Infestation Pit  
  57  6:05  Overlord  
  57  6:06  Drone  
  57  6:07  Drone x4  
  62  6:14  Overlord, Spore Crawler  
  62  6:17  Nydus Canal  
  62  6:18  Zergling x2  
  62  6:19  Zergling x2  
  62  6:21  Zergling x2  
  62  6:23  Zergling x2  
  65  6:31  Drone  
  65  6:32  Drone  
  64  6:34  Zergling x2  
  64  6:35  Overlord  
  65  6:41  Zergling x2  
  65  6:43  Overseer  
  65  6:44  Overlord  
  65  6:56  Swarm Host  
  65  6:57  Swarm Host x3  
  65  7:00  Overlord  
  77  7:01  Drone, Extractor  
  77  7:02  Extractor  
  75  7:12  Overlord  
  73  7:17  Nydus Canal  
  73  7:20  Overlord  
  73  7:23  Drone x4  
  73  7:24  Drone x3  
  73  7:25  Swarm Host  
  83  7:30  Overlord  
  83  7:36  Swarm Host  
  86  7:37  Swarm Host  
  86  7:44  Swarm Host  
  89  7:45  Overlord  
  89  7:49  Swarm Host  
  95  7:56  Overlord x2  
  95  8:07  Swarm Host x3  
  95  8:09  Overlord  
  104  8:19  Overlord  
  104  8:27  Overlord, Swarm Host  
  104  8:28  Swarm Host  
  104  8:29  Swarm Host  
  104  8:32  Overlord  
  104  8:33  Zergling x2  
  104  8:34  Zergling x2  
  115  8:36  Drone  
  115  8:37  Drone  
  115  8:39  Nydus Canal  
Tags
 
Add a new tag
Caveats
  • Supply blocks, unpowered buildings, or Contaminate may cause inaccurate times.
  • Supply counts are checked every 10 seconds.